 Dungeon Crawl Stone Soup version 0.21.1-1-g345015f (webtiles) character file.

30 letownia2 the Gusty (level 3, -1/19 HPs)
             Began as a Tengu Air Elementalist on Mar 3, 2018.
             Was an Initiate of Cheibriados.
             Slain by an orc
             ... wielding a +0 short sword
              (2 damage)
             ... on level 2 of the Dungeon.
             The game lasted 00:02:23 (326 turns).

letownia2 the Gusty (Tengu Air Elementalist)         Turns: 326, Time: 00:02:24

Health: -1/19      AC:  2    Str:  9    XL:     3   Next: 18%
Magic:  0/7        EV: 13    Int: 17    God:    Cheibriados [......]
Gold:   16         SH:  0    Dex: 15    Spells: 2/6 levels left

rFire    . . .     SeeInvis .   d - +0 dagger
rCold    . . .     Gourm    .   (no shield)
rNeg     . . .     Faith    .   a - +0 robe
rPois    .         Spirit   .   (helmet restricted)
rElec    .         Reflect  .   (no cloak)
rCorr    .         Harm     .   (no gloves)
MR       .....                  (boots unavailable)
Stlth    ++........             (no amulet)
HPRegen  0.06/turn              (no ring)
MPRegen  0.10/turn              (no ring)

@: very slow
A: beak, talons 3
a: Bend Time, Renounce Religion


You were on level 2 of the Dungeon.
You worshipped Cheibriados.
Cheibriados was noncommittal.
You were not hungry.

You visited 1 branch of the dungeon, and saw 3 of its levels.

You collected 16 gold pieces.

Inventory:

Hand Weapons
 d - a +0 dagger (weapon)
Armour
 a - a +0 robe (worn)
 e - a +0 leather armour
Scrolls
 f - a scroll of random uselessness {unknown}
Books
 b - a book of Air

   Spells                             Type                      Level
   a - Shock                          Conjuration/Air              1
   b - Swiftness                      Charms/Air                   2
   c - Static Discharge               Conjuration/Air              3
   d - Airstrike                      Air                          4
   e - Lightning Bolt                 Conjuration/Air              5
Comestibles
 c - 3 rations


   Skills:
 - Level 2.1 Dodging
 - Level 2.0 Stealth
 - Level 2.0 Spellcasting
 + Level 4.0 Conjurations
 - Level 4.0 Air Magic


You had 2 spell levels left.
You knew the following spells:

 Your Spells              Type           Power        Failure   Level  Hunger
a - Shock                 Conj/Air       ###.         3%          1    #......
d - Static Discharge      Conj/Air       ###.....     11%         3    ###....


Dungeon Overview and Level Annotations

Branches:
Dungeon (3/15)

Altars:
Cheibriados
Fedhas
Okawaru
Qazlal
Ru
Trog
Wu Jian

Annotations:
D:3 Sigmund


Innate Abilities, Weirdness & Mutations

You have a beak for a mouth.
You have claws for feet.


Message History

Confirm with . or Enter, or press ? or * to list all spells.
Aiming: Shock
Press: ? - help, Shift-Dir - straight line, f - orc
Aim: an orc, wielding a short sword and wearing a ring mail The zap misses the orc.
The orc hits you with a short sword!
Unknown command.
Unknown command.
The orc hits you with a short sword.
* * * LOW HITPOINT WARNING * * *
Unknown command.
Casting: Shock
Confirm with . or Enter, or press ? or * to list all spells.
Aiming: Shock
Press: ? - help, Shift-Dir - straight line, p - orc The zap hits the orc.
The orc is moderately wounded.
The zap hits the orc.
The orc is almost dead.
The orc hits you with a short sword.
You die...

....#.....###.#'.......'#
.)...........###....8....##
............# #...8...8...#
...#.......##.#...........#
..........##_.'..8..8..8..'
...........##.#...........#
............###...8...8...#
.........##o####....8....##
.......>..@..# #'.......'#
.........##.##..##.....##..
............##_. ###'### ._
............#######...#####
............#.....##_##....
.........<..'......###.....
.....##+##.##.....###......
............รท#######.......
........#.................


You could see an orc.

Vanquished Creatures
  2 adders (D:2)
  2 orcs (D:3)
  2 hobgoblins (D:2)
  2 kobolds
  2 bats
  A frilled lizard (D:2)
  A rat (D:2)
12 creatures vanquished.

Notes
Turn   | Place    | Note
-------+----------+-------------------------------------------
     0 | D:1      | letownia2 the Tengu Air Elementalist began the quest for the Orb.
     0 | D:1      | Reached XP level 1. HP: 10/10 MP: 4/4
    98 | D:2      | Reached XP level 2. HP: 8/15 MP: 0/6
   202 | D:2      | Found an iron altar of Okawaru.
   205 | D:2      | Reached XP level 3. HP: 14/19 MP: 2/7
   210 | D:2      | Learned a level 3 spell: Static Discharge
   216 | D:2      | Found a blossoming altar of Fedhas.
   220 | D:2      | Found an ornate altar of the Wu Jian Council.
   224 | D:2      | Found a stormy altar of Qazlal.
   228 | D:2      | Found a bloodstained altar of Trog.
   232 | D:2      | Found a sacrificial altar of Ru.
   236 | D:2      | Found a snail-covered altar of Cheibriados.
   240 | D:2      | Became a worshipper of Cheibriados the Contemplative
   313 | D:3      | Noticed Sigmund
   326 | D:2      | Slain by an orc

Skill      XL: |  1  2  3 |
---------------+----------+-----
Conjurations   | 3 4 |  4.0
Dodging        | |  2.1
Stealth        | |  2.0
Spellcasting   | |  2.0
Air Magic      | |  4.0

Action                   || total
-------------------------++-------
Melee: Dagger            ||     5
       Peck              ||     2
       Kick              ||     1
 Cast: Shock             ||    30
Armor: Robe              ||     3
Dodge: Dodged            ||    10
